 Dungeon Crawl Stone Soup version 0.26-a0-651-gb41185065b (webtiles) character file.

Game seed: 6927040958510000739

677884 sinister the Slayer (level 27, -3/247 HPs)
             Began as a Formicid Fighter on Oct 9, 2020.
             Was a High Priest of Okawaru.
             Slain by an azure jelly (18 damage)
             ... created by the Royal Jelly
             ... on level 4 of the Pits of Slime on Oct 10, 2020.
             The game lasted 05:27:38 (102989 turns).

sinister the Slayer (Formicid Fighter)            Turns: 102989, Time: 05:27:38

Health: -3/247     AC: 35    Str: 30      XL:     27
Magic:  33/34      EV: 16    Int: 13 (15) God:    Okawaru [*****.]
Gold:   6915       SH: 30    Dex: 13 (14) Spells: 26/26 levels left

rFire    . . .     SeeInvis +   a - +7 dire flail of the Distant Future {freeze, rElec MR+}
rCold    . . .     Faith    +   h - +2 tower shield {reflect}
rNeg     + + +     Spirit   .   g - +8 plate armour of the Cricket {rCorr Str+4}
rPois    +         Reflect  +   (helmet unavailable)
rElec    +         Harm     .   k - +1 cloak {rPois}
rCorr    +         Rampage  .   i - +2 pair of gloves of Least Resistance {rN+ Str+5}
MR       ++++.                  j - +0 pair of boots {Fly}
Stlth    ..........             l - amulet of faith
HPRegen  0.51/turn              E - ring of Naiph {MR+ Int+6}
MPRegen  0.24/turn              t - ring "Niuza" {rPois rN+++ rCorr Str-3 Int-3}

@: heroism, corroded, flying
A: permanent stasis, dig shafts and tunnels, four strong arms, antennae 3,
repulsion field 1, thin metallic scales 1, yellow scales 1, deterioration 1,
dopey 1, no potion heal 1, subdued magic 1
}: 3/15 runes: serpentine, barnacled, silver
a: Dig, Shaft Self, Heroism, Finesse, Renounce Religion, Stop Flying


You were on level 4 of the Pits of Slime.
You worshipped Okawaru.
Okawaru was extremely pleased with you.
You visited 11 branches of the dungeon, and saw 55 of its levels.
You visited the Abyss 2 times.
You also visited: Sewer, Ossuary, Gauntlet, Ice Cave and Wizlab.

You collected 8526 gold pieces.
You spent 1611 gold pieces at shops.

Inventory:

Hand Weapons
 a - the +7 dire flail of the Distant Future (weapon) {freeze, rElec MR+}
   (Okawaru gifted it to you on level 11 of the Dungeon)

   It has been specially enchanted to freeze those struck by it, causing extra
   injury to most foes and up to half again as much damage against particularly
   susceptible opponents.
   It can also slow down cold-blooded creatures.
   It insulates you from electricity.
   It affects your resistance to hostile enchantments.
 b - a +6 fustibalus
 c - the +12 Vampire's Tooth {vamp}
   (You found it on level 1 of the Depths)

   It inflicts no extra harm, but heals its wielder when it wounds a living foe.
 m - a +0 demon whip of freezing
 n - the +11 trident "Sijaast" {vorpal, MR+ Stlth+, unknown}
   (Okawaru gifted it to you on level 5 of the Pits of Slime)

   It inflicts extra damage upon your enemies.
   It affects your resistance to hostile enchantments.
   It makes you more stealthy.
Missiles
 d - 7 curare-tipped darts (quivered)
 e - 521 sling bullets
 f - 10 throwing nets
Armour
 g - the +8 plate armour of the Cricket (worn) {rCorr Str+4}
   (You found it in a wizard's laboratory)

   It affects your strength (+4).
   It provides partial protection from all sources of acid and corrosion.
 h - a +2 tower shield of reflection (worn)
 i - the +2 pair of gloves of Least Resistance (worn) {rN+ Str+5}
   (You found it on level 7 of the Dungeon)

   It affects your strength (+5).
   It protects you from negative energy.
 j - a +0 pair of boots of flying (worn)
 k - a +1 cloak of poison resistance (worn)
Jewellery
 l - an amulet of faith (around neck)
 p - an uncursed ring of protection from fire
 q - an uncursed ring of protection from cold
 t - the ring "Niuza" (right hand) {rPois rN+++ rCorr Str-3 Int-3}
   (You acquired it on level 15 of the Dungeon)

   [ring of resist corrosion]

   It affects your strength (-3).
   It affects your intelligence (-3).
   It protects you from poison.
   It renders you almost immune to negative energy.
   It provides partial protection from all sources of acid and corrosion.
 E - the ring of Naiph (left hand) {MR+ Int+6}
   (You found it on level 1 of the Realm of Zot)

   [ring of intelligence]

   It affects your intelligence (+6).
   It affects your resistance to hostile enchantments.
Scrolls
 r - 13 scrolls of identify
 s - 2 scrolls of amnesia
 y - 4 scrolls of fog
 D - 4 scrolls of silence
 I - 29 scrolls of remove curse
 O - 7 scrolls of fear
 X - a scroll of magic mapping
Potions
 w - 7 potions of might
 z - 11 potions of lignification
 B - 5 potions of invisibility
 C - 5 potions of resistance
 F - 3 potions of heal wounds
 G - 23 potions of curing
 K - 8 potions of ambrosia
 L - a potion of cancellation
 Z - 11 potions of stabbing


   Skills:
 + Level 26.6(27) Fighting
 - Level 8.0(13.0) Short Blades
 - Level 22.9(27) Maces & Flails
 - Level 12.5(17.5) Polearms
 - Level 5.3(10.3) Slings
 - Level 24.6(27) Armour
 - Level 4.1(9.1) Dodging
 - Level 26.4(27) Shields
 - Level 15.0 Invocations


You had 26 spell levels left.
You didn't know any spells.
Your spell library contained the following spells:

 Spells                   Type           Power        Failure   Level
 Animate Skeleton         Necr           #.....       58%         1
 Apportation              Tloc           #.....       58%         1
 Beastly Appendage        Tmut           #.....       58%         1
 Corona                   Hex            #......      58%         1
 Foxfire                  Conj/Fire      #...         58%         1
 Freeze                   Ice            #...         58%         1
 Magic Dart               Conj           #...         58%         1
 Pain                     Necr           #...         58%         1
 Sandblast                Erth           #.....       58%         1
 Shock                    Conj/Air       #...         58%         1
 Sting                    Tmut/Pois      #...         58%         1
 Summon Small Mammal      Summ           #...         58%         1
 Call Imp                 Summ           #.......     73%         2
 Ensorcelled Hibernation  Hex/Ice        #.....       73%         2
 Passwall                 Tmut/Erth      #.......     73%         2
 Poisonous Vapours        Pois/Air       #.....       73%         2
 Searing Ray              Conj           #.....       73%         2
 Slow                     Hex            #.......     73%         2
 Sublimation of Blood     Necr           #.........   73%         2
 Wereblood                Tmut           #.......     73%         2
 Call Canine Familiar     Summ           #.......     92%         3
 Confusing Touch          Hex            #.......     92%         3
 Conjure Flame            Conj/Fire      #.......     92%         3
 Dazzling Flash           Conj/Hex       #.....       92%         3
 Frozen Ramparts          Ice            #.....       92%         3
 Gell's Gravitas          Tloc           #.........   92%         3
 Ignite Poison            Fire/Tmut/Pois #.......     92%         3
 Inner Flame              Hex/Fire       #.......     92%         3
 Lesser Beckoning         Tloc           #.........   92%         3
 Mephitic Cloud           Conj/Pois/Air  #.......     92%         3
 Ozocubu's Armour         Ice            #.......     92%         3
 Portal Projectile        Hex/Tloc       #.....       92%         3
 Spider Form              Tmut/Pois      #.........   92%         3
 Static Discharge         Conj/Air       #.......     92%         3
 Stone Arrow              Conj/Erth      #.....       92%         3
 Summon Guardian Golem    Hex/Summ       #.......     92%         3
 Teleport Other           Tloc           #.......     92%         3
 Vampiric Draining        Necr           #.........   92%         3
 Airstrike                Air            #.........   100%        4
 Animate Dead             Necr           #.........   100%        4
 Cause Fear               Hex            #.........   100%        4
 Fulminant Prism          Conj/Hex       #.........   100%        4
 Hailstorm                Conj/Ice       #.......     100%        4
 Ice Form                 Ice/Tmut       #.......     100%        4
 Iskenderun's Mystic Bla  Conj/Tloc      #.......     100%        4
 Leda's Liquefaction      Hex/Erth       #.........   100%        4
 Olgreb's Toxic Radiance  Pois           #.......     100%        4
 Passage of Golubria      Tloc           N/A          100%        4
 Petrify                  Tmut/Erth      #.......     100%        4
 Sticky Flame             Conj/Fire      #.......     100%        4
 Summon Ice Beast         Ice/Summ       #.......     100%        4
 Summon Lightning Spire   Summ/Air       #.......     100%        4
 Agony                    Necr           #.......     100%        5
 Alistair's Intoxication  Tmut/Pois      #........    100%        5
 Blade Hands              Tmut           #.........   100%        5
 Bolt of Magma            Conj/Fire/Erth #.........   100%        5
 Borgnjor's Vile Clutch   Necr/Erth      #.........   100%        5
 Excruciating Wounds      Necr           #.........   100%        5
 Fireball                 Conj/Fire      #.........   100%        5
 Irradiate                Conj/Tmut      #.........   100%        5
 Iskenderun's Battlesphe  Conj           #.......     100%        5
 Lee's Rapid Deconstruct  Erth           #.........   100%        5
 Lightning Bolt           Conj/Air       #.........   100%        5
 Metabolic Englaciation   Hex/Ice        #.........   100%        5
 Silence                  Hex/Air        #.........   100%        5
 Summon Demon             Summ           #.........   100%        5
 Summon Forest            Summ/Tloc      #.........   100%        5
 Summon Mana Viper        Hex/Summ       #.......     100%        5
 Yara's Violent Unravell  Hex/Tmut       #.........   100%        5
 Conjure Ball Lightning   Conj/Air       #.........   100%        6
 Death Channel            Necr           #.........   100%        6
 Dispersal                Tloc           #.........   100%        6
 Eringya's Noxious Bog    Tmut/Pois      #.........   100%        6
 Freezing Cloud           Conj/Ice/Air   #.........   100%        6
 Hydra Form               Tmut           #.........   100%        6
 Iron Shot                Conj/Erth      #.........   100%        6
 Ozocubu's Refrigeration  Ice            #.........   100%        6
 Shadow Creatures         Summ           N/A          100%        6
 Simulacrum               Ice/Necr       #.........   100%        6
 Starburst                Conj/Fire      #.........   100%        6
 Statue Form              Tmut/Erth      #........    100%        6
 Dragon Form              Tmut           #.........   100%        7
 Haunt                    Necr/Summ      #.........   100%        7
 Orb of Destruction       Conj           #.........   100%        7
 Spellforged Servitor     Conj/Summ      #.........   100%        7
 Summon Hydra             Summ           #.........   100%        7
 Borgnjor's Revivificati  Necr           #.........   100%        8
 Discord                  Hex            #.........   100%        8
 Disjunction              Tloc           #.........   100%        8
 Ignition                 Fire           #.........   100%        8
 Infestation              Necr           #.........   100%        8
 Necromutation            Tmut/Necr      #.........   100%        8
 Death's Door             Necr           #.........   100%        9
 Dragon's Call            Summ           #.........   100%        9
 Tornado                  Air            #.........   100%        9
 Blink                    Tloc           Unusable     N/A         2
 Swiftness                Air            Unusable     N/A         2

Dungeon Overview and Level Annotations

Branches:
Dungeon (15/15)            Temple (1/1) D:6            Lair (6/6) D:9
 Shoals (4/4) Lair:3        Snake (4/4) Lair:3        Slime (5/5) Lair:6
    Orc (2/2) D:9             Elf (3/3) Orc:2        Vaults (5/5) D:13
  Crypt (0/3) Vaults:3     Depths (5/5) D:15            Zot (5/5) Depths:5
  Sewer (visited)         Ossuary (visited)           IceCv (visited)
 WizLab (visited)         Gauntlet (visited)

Altars:
Ashenzari
Cheibriados
Dithmenos
Elyvilon
Fedhas
Gozag
Hepliaklqana
Kikubaaqudgha
Makhleb
Nemelex Xobeh
Okawaru
Qazlal
Ru
Sif Muna
Trog
Uskayaw
Vehumet
Wu Jian
Xom
Yredelemnul
Zin
The Shining One
Beogh
Lugonu

Shops:
D:6 }   D:11 [   D:15 (   Orc:1 (   Orc:2 !(![   Elf:2 ?   Elf:3 ?[
Shoals:1 *   Snake:2 :   Snake:4 }=}   Vaults:1 [   Vaults:2 [   Depths:1 (

Portals:
Hell: Depths:1 Depths:2* Depths:3 Depths:4 Depths:5
Abyss: Depths:4 Depths:5
Pandemonium: Depths:3 Depths:5
Ziggurat: Depths:1

Annotations:
D:9 2 transporters, zikan's ghost, novice DsFi
Depths:2 2 transporters


Innate Abilities, Weirdness & Mutations

You cannot be hasted, slowed, berserked, paralysed or teleported.
You can dig through walls and to a lower floor.
Your four strong arms can wield two-handed weapons with a shield.
You have a pair of large antennae on your head. (SInv)
You are surrounded by a mild repulsion field. (EV +2)
You are partially covered in thin metallic scales. (AC +2)
You are partially covered in yellow scales. (AC +2)
Your body sometimes deteriorates upon taking damage.
You are dopey. (Int -2)
Potions are less effective at restoring your health.
Your spells are a little easier to cast, but a little less powerful.


Message History

The azure jelly hits you but does no damage.
You block the azure jelly's attack. The azure jelly barely misses you.
The azure jelly misses you.
The azure jelly hits you but does no damage.
You block the acid blob's attack. The death ooze hits you!
* * * LOW HITPOINT WARNING * * *
The death ooze hits you but does no damage.
The azure jelly completely misses you. You block the azure jelly's attack.
The azure jelly hits you but does no damage. x2
The acid blob hits you!!
* * * LOW HITPOINT WARNING * * *
You are splashed with acid.
You resist.
* * * LOW HITPOINT WARNING * * *
The azure jelly hits you but does no damage. x4
Your system partially rejects the healing.
You feel much better. You block the acid blob's attack.
The azure jelly hits you.
* * * LOW HITPOINT WARNING * * *
The azure jelly freezes you!!
You die...

### #.......#........##
#.####................##
...#.##.#..........#...#
..#.................#.##
.....................##
......................#
.......#..............#*
...#.####.#....JJJ#...#.#*
.<.### ##.....J@J.......#
...# #.....JJJ.#.#..##
#...# ##..............#
##.## #........#.#.#.##
##.# ##..........#... ....
##......<...###.# ##.##
#..........## *## #
###.....##.....##
##....#....###


You could see 3 acid blobs, 4 azure jellies and a death ooze.

Vanquished Creatures
  the Royal Jelly (Slime:5)
  Dissolution (Slime:1)
  3 orbs of fire
  Mennas (Depths:3)
  7 ancient liches (Zot:5)
  Mara (Snake:3)
  Sojobo (Vaults:4)
  5 Killer Klowns
  Vashnia (Snake:3)
  Frederick (Vaults:2)
  2 curse toes
  Margery (Vaults:4)
  6 golden dragons
  A bone dragon (Depths:5)
  3 electric golems
  The ghost of Norharag the Warrior, an adept HuBe of Trog (Vaults:1)
  The ghost of Seel the Brawler, an adept TrTm of Cheibriados (Vaults:1)
  27 tentacled monstrosities
  Jorgrun (D:14)
  3 deep elf blademasters
  25 Orb Guardians
  2 deep elf master archers (Elf:3)
  3 liches
  A titan (Vaults:5)
  20 acid blobs
  8 death cobs
  6 quicksilver dragons
  4 sphinxes
  12 shadow dragons
  Kirke (D:14)
  8 tengu reavers
  3 tentacled starspawn (Abyss:2)
  Agnes (Snake:3)
  8 storm dragons
  8 draconian monks
  2 thorn hunters (Depths:4)
  8 azure jellies
  A revenant (Abyss:2)
  10 nagarajas
  3 daevas (Depths:3)
  5 frost giants
  A fire giant (shapeshifter) (Vaults:4)
  A balrug (Depths:4)
  2 ghost moths
  5 fire giants
  7 draconian knights
  10 deep elf sorcerers
  2 iron dragons
  Aizul (Snake:3)
  An orc warlord (Orc:1)
  4 draconian scorchers
  15 vault wardens
  8 draconian stormcallers
  5 deep elf elementalists
  8 draconian shifters
  9 draconian annihilators
  3 angels (Depths:3)
  A war gargoyle (Vaults:5)
  A reaper (Depths:3)
  24 very ugly things
  10 ironheart preservers
  25 stone giants
  A spriggan defender (Depths:2)
  15 green draconians
  6 vampire knights (Depths:1)
  The ghost of Cakiepeg the Severer, a journeyman DDGl of Makhleb (Lair:4)
  Nessos (Orc:2)
  An entropy weaver (Vaults:2)
  16 deep elf demonologists
  9 red draconians
  6 deep elf annihilators
  6 black draconians
  25 white draconians
  8 yellow draconians
  A minotaur (Gauntlet)
  21 purple draconians
  14 ettins
  10 merfolk impalers
  8 deep elf death magi
  5 merfolk javelineers
  9 statues (WizLab)
  Josephine (Shoals:1)
  5 fire dragons
  6 death oozes
  13 yaktaur captains
  9 deep elf high priests
  14 ice dragons
  7 great orbs of eyes
  Erolcha (Orc:1)
  8 naga warriors
  31 vault guards
  A monstrous demonspawn (Depths:3)
  2 spriggan air magi
  5 hydras
  8 anacondas
  4 rakshasas
  7 merfolk avatars
  9 centaur warriors
  3 death knights
  3 merfolk aquamancers
  3 alligator snapping turtles
  6 satyrs
  49 two-headed ogres
  31 dancing weapons
  A queen ant (Lair:3)
  8 tengu warriors
  9 death yaks
  4 vampire magi
  5 deep troll shamans
  14 ogre magi
  7 deep troll earth magi
  4 shock serpents
  4 spriggan berserkers
  A thrashing horror (Abyss:2)
  16 naga sharpshooters
  An orc high priest (Elf:1)
  A shock serpent (shapeshifter) (Vaults:4)
  23 deep elf knights
  Sonja (Orc:1)
  13 hell knights
  3 iron trolls
  A storm dragon skeleton (Vaults:3)
  4 salamander mystics
  A sixfirhy (Abyss:2)
  17 deep trolls
  6 unseen horrors
  A wizard (Vaults:2)
  An anaconda zombie (Abyss:2)
  10 skeletal warriors
  A sea snake (shapeshifter) (Vaults:5)
  An unseen horror (shapeshifter) (Depths:4)
  7 flayed ghosts
  6 cherubim (Depths:3)
  11 deep elf archers
  3 glowing orange brains
  12 sea snakes
  9 naga ritualists
  A glowing orange brain (shapeshifter) (Vaults:3)
  25 harpies
  16 orc knights
  Pikel (D:4)
  9 phantasmal warriors
  12 ironbrand convokers
  A tengu zombie (Vaults:3)
  8 mana vipers
  An orb spider (shapeshifter) (Vaults:4)
  6 shining eyes
  4 necromancers
  11 cyclopes
  2 oklob plants (Depths:4)
  A wolf spider zombie (D:15)
  81 deep elf magi
  3 wolf spiders
  47 ugly things
  5 orc sorcerers
  A worldbinder (Abyss:2)
  An orb spider (Abyss:2)
  13 manticores
  18 salamanders
  9 fauns
  18 moths of wrath
  An iron dragon skeleton (Abyss:2)
  5 merfolk sirens
  An ice statue (IceCv)
  6 guardian serpents
  Maurice (D:8)
  33 black mambas
  7 elephants
  3 molten gargoyles
  An apocalypse crab (Abyss:2)
  Joseph (D:7)
  A torpor snail (Gauntlet)
  3 water nymphs
  13 vault sentinels
  4 eyes of devastation
  A smoke demon (Depths:3)
  11 cane toads
  15 naga magi
  A gargoyle (D:12)
  5 centaur skeletons
  17 freezing wraiths
  44 yaktaurs
  An efreet (D:15)
  A yaktaur (shapeshifter) (D:15)
  3 rime drakes
  4 kobold demonologists
  7 komodo dragons
  A hellwing (Depths:5)
  2 ancient zymes (Abyss:2)
  3 tengu conjurers
  A meliai (shapeshifter) (Depths:1)
  A jumping spider (shapeshifter) (Vaults:1)
  19 trolls
  A yaktaur skeleton (Vaults:3)
  A queen bee (Lair:2)
  3 red devils
  11 hornets
  6 polar bears (Lair:6)
  A wolf spider simulacrum (IceCv)
  28 merfolk
  3 meliai (Lair:5)
  86 slime creatures
  13 blink frogs
  7 large abominations
  16 hippogriffs
  4 raiju (Abyss:2)
  6 wind drakes
  An ettin zombie (Vaults:3)
  10 dream sheep
  15 snapping turtles
  Sigmund (D:2)
  A redback (shapeshifter) (Vaults:5)
  11 water elementals
  3 vampires
  A shadow (D:13)
  A redback (Vaults:2)
  A spriggan (shapeshifter) (Depths:2)
  13 spriggans
  4 air elementals
  9 wyverns
  A ynoxinul (Abyss:2)
  8 wraiths
  4 hogs
  2 basilisks (D:9)
  A yak (shapeshifter) (Vaults:1)
  23 yaks
  5 fire elementals
  49 nagas
  2 chaos spawn (Abyss:2)
  2 death yak simulacra (IceCv)
  2 human simulacra
  A steam dragon (Lair:2)
  6 wargs
  8 vampire mosquitoes
  A naga (shapeshifter) (D:15)
  An acid dragon (shapeshifter) (Vaults:1)
  20 soldier ants (Lair:3)
  8 water moccasins
  A soldier ant (shapeshifter) (D:15)
  6 porcupines
  48 orc warriors
  A cane toad skeleton (Abyss:2)
  16 small abominations
  9 sky beasts
  A black bear (D:8)
  12 ice beasts
  2 black bears (shapeshifter)
  3 phantoms
  9 eyes of draining
  37 ogres
  An eye of draining (shapeshifter) (Vaults:4)
  13 centaurs
  A necrophage (D:8)
  7 wolves
  8 boggarts
  18 crocodiles
  3 big kobolds
  13 bullfrogs
  A glowing shapeshifter simulacrum (Vaults:2)
  4 earth elementals
  An elf zombie (Ossuary)
  6 ogre simulacra
  A wyvern zombie (D:13)
  A wyvern skeleton (D:10)
  6 scorpions
  A water moccasin skeleton (D:8)
  82 killer bees
  An elephant simulacrum (IceCv)
  An elf simulacrum (Vaults:3)
  5 wights (D:12)
  An electric eel (Lair:6)
  6 howler monkeys
  5 lava snakes (Lair:4)
  8 centaur zombies
  4 bullfrog zombies
  2 draconian simulacra (IceCv)
  5 hounds
  A quasit (Abyss:2)
  3 jellies
  Crazy Yiuf (D:7)
  5 bullfrog skeletons
  A gnoll shaman (D:6)
  23 orc priests
  An iguana (D:4)
  23 orc wizards
  A spriggan simulacrum (IceCv)
  26 worker ants
  4 troll simulacra (IceCv)
  A killer bee zombie (D:10)
  A big kobold zombie (Ossuary)
  6 centaur simulacra (IceCv)
  A hound zombie (D:6)
  2 mummies (Ossuary)
  Robin (D:3)
  A howler monkey skeleton (D:8)
  7 gnolls (D:6)
  2 river rats
  2 worker ant zombies
  13 adders
  2 naga simulacra (IceCv)
  2 shadow imps (D:6)
  25 white imps
  An ufetubus (D:8)
  2 oozes
  An adder zombie (Ossuary)
  An adder skeleton (D:6)
  5 worms (D:4)
  A dart slug (D:1)
  9 leopard geckos
  109 orcs
  3 ball pythons
  3 giant cockroaches
  15 goblins
  13 hobgoblins
  6 jackals
  3 quokkas
  11 bats
  4 frilled lizards
  3 goblin zombies (Ossuary)
  8 hobgoblin zombies (Ossuary)
  A jackal zombie (Ossuary)
  19 kobolds
  6 kobold zombies (Ossuary)
  2 leopard gecko skeletons (D:4)
  11 orc zombies (Ossuary)
  22 rats
  2 starspawn tentacles (Abyss:2)
2623 creatures vanquished.

Vanquished Creatures (others)
  A naga warrior (Snake:3)
  3 deep elf knights
  A deep elf archer (Elf:3)
  3 deep elf magi
  A cane toad (Lair:2)
  2 humans (D:15)
  An ogre (Orc:2)
  5 orcs
  16 fungi
  107 plants
  6 starspawn tentacles (Abyss:2)
146 creatures vanquished.

Grand Total: 2769 creatures vanquished

Notes
Turn   | Place    | Note
-------+----------+-------------------------------------------
     0 | D:1      | sinister the Formicid Fighter began the quest for the Orb.
     0 | D:1      | Reached XP level 1. HP: 18/18 MP: 1/1
   127 | D:1      | Reached XP level 2. HP: 24/24 MP: 2/2
   420 | D:1      | Reached XP level 3. HP: 29/29 MP: 3/3
  1174 | D:2      | Found a faded altar of an unknown god.
  1434 | D:2      | Reached XP level 4. HP: 35/37 MP: 4/4
  1535 | D:2      | Noticed Sigmund
  1571 | D:2      | Killed Sigmund
  1571 | D:2      | Reached skill level 5 in Shields
  1571 | D:2      | Reached XP level 5. HP: 25/43 MP: 5/5
  1571 | D:2      | Reached XP level 6. HP: 29/49 MP: 6/6
  2587 | D:3      | Noticed Robin
  2822 | D:3      | Killed Robin
  3093 | D:3      | Reached XP level 7. HP: 33/55 MP: 7/7
  3458 | D:4      | Noticed Pikel
  3487 | D:4      | Killed Pikel
  3487 | D:4      | Reached skill level 5 in Fighting
  3487 | D:4      | Reached skill level 5 in Armour
  3487 | D:4      | Reached XP level 8. HP: 38/64 MP: 8/8
  3510 | D:4      | Found a glowing drain.
  3535 | Sewer    | Entered a sewer
  3809 | Sewer    | Found a white marble altar of Elyvilon.
  4302 | D:4      | Reached skill level 5 in Maces & Flails
  4998 | D:5      | Entered Level 5 of the Dungeon
  5367 | D:5      | Found a broken altar of Ashenzari.
  5533 | D:5      | Found an opulent altar of Gozag.
  5706 | D:5      | Found a radiant altar of Vehumet.
  5712 | D:5      | Found a white marble altar of Elyvilon.
  5712 | D:5      | Found an opulent altar of Gozag.
  5714 | D:5      | Found a hide-covered altar of Uskayaw.
  5883 | D:6      | Found a staircase to the Ecumenical Temple.
  5903 | Temple   | Entered the Ecumenical Temple
  5916 | Temple   | Became a worshipper of Warmaster Okawaru
  5965 | D:5      | Reached XP level 9. HP: 35/71 MP: 9/9
  5972 | D:5      | Reached skill level 1 in Invocations
  6084 | D:6      | Found a sparkling altar of Nemelex Xobeh.
  6191 | D:6      | Found a sand-covered staircase.
  6200 | Ossuary  | Entered an ossuary
  6449 | Ossuary  | Reached * piety under Okawaru
  6841 | D:6      | Found Erueceug's Gadget Shoppe.
  7107 | D:7      | Found a hazy altar of Hepliaklqana.
  7236 | D:7      | Got a pair of spiked gloves
  7247 | D:7      | Identified the +2 pair of gloves of Least Resistance {rN+
                  | Str+5} (You found it on level 7 of the Dungeon)
  7287 | D:7      | Noticed Joseph
  7297 | D:7      | Killed Joseph
  7373 | D:7      | Reached XP level 10. HP: 79/80 MP: 12/12
  7430 | D:7      | Found a runed translucent door.
  7431 | D:7      | Noticed Crazy Yiuf
  7441 | D:7      | Killed Crazy Yiuf
  7841 | D:8      | Noticed a two-headed ogre
  7853 | D:8      | Killed a two-headed ogre
  7853 | D:8      | Reached ** piety under Okawaru
  8110 | D:8      | Reached skill level 5 in Invocations
  8220 | D:8      | Reached *** piety under Okawaru
  8417 | D:8      | Noticed a two-headed ogre
  8425 | D:8      | Killed a two-headed ogre
  8709 | D:8      | Noticed Maurice
  8726 | D:8      | Killed Maurice
  8726 | D:8      | Reached **** piety under Okawaru
  8991 | D:8      | Noticed a two-headed ogre
  9007 | D:8      | Killed a two-headed ogre
  9007 | D:8      | Reached XP level 11. HP: 38/89 MP: 15/15
  9332 | D:8      | Reached ***** piety under Okawaru
  9386 | D:8      | Noticed a manticore
  9390 | D:8      | Reached skill level 10 in Shields
  9392 | D:8      | Noticed an orc knight
  9396 | D:8      | Killed a manticore
  9409 | D:8      | Noticed an unseen horror
  9420 | D:8      | Killed an orc knight
  9435 | D:8      | Killed an unseen horror
  9662 | D:8      | Identified Alutawec's Incunabulum of Virous Lightness
  9664 | D:8      | Got a fading trident
  9672 | D:8      | Identified the +5 trident "Asuval" {vorpal, Dex+2} (You
                  | found it on level 8 of the Dungeon)
  9821 | D:8      | Found a roughly hewn altar of Beogh.
  9928 | D:9      | Found a staircase to the Orcish Mines.
  9940 | D:9      | Received a gift from Okawaru
 10135 | D:9      | Found a transporter.
 10136 | D:9      | Noticed zikan's ghost (novice DsFi)
 10149 | D:9      | Found a transporter.
 10256 | D:9      | Noticed an elephant
 10267 | D:9      | Killed an elephant
 10279 | D:9      | Found a staircase to the Lair.
 10731 | D:10     | Entered Level 10 of the Dungeon
 10880 | D:10     | Reached XP level 12. HP: 97/97 MP: 18/18
 11170 | D:10     | Reached skill level 10 in Fighting
 11431 | D:11     | Received a gift from Okawaru
 11431 | D:11     | Reached skill level 10 in Armour
 11432 | D:11     | Got a dazzling dire flail {god gift}
 11437 | D:11     | Identified the +7 dire flail of the Distant Future {freeze,
                  | rElec MR+} (Okawaru gifted it to you on level 11 of the
                  | Dungeon)
 11493 | D:11     | Found a sacrificial altar of Ru.
 11909 | D:11     | Noticed an unseen horror
 11911 | D:11     | Found Qilerot's Antique Armour Boutique.
 11912 | D:11     | Killed an unseen horror
 11980 | D:11     | Got a tattered robe
 11990 | D:11     | Bought a jewelled plate armour for 644 gold pieces
 12000 | D:11     | Identified the cursed +1 robe "Wekhlarr" {rN+ rCorr MP+9
                  | Slay+2} (You found it on level 11 of the Dungeon)
 12011 | D:11     | Identified the +7 plate armour of Qetez {rElec} (You bought
                  | it in a shop on level 11 of the Dungeon)
 12365 | D:12     | Noticed an unseen horror
 12372 | D:12     | Killed an unseen horror
 12428 | D:12     | Noticed a two-headed ogre
 12448 | D:12     | Killed a two-headed ogre
 12448 | D:12     | Received a gift from Okawaru
 12450 | D:12     | Identified the ring of Sunlight {MP+9 SInv}
 12450 | D:12     | Noticed an ogre mage
 12451 | D:12     | Noticed a two-headed ogre
 12457 | D:12     | Noticed a two-headed ogre
 12458 | D:12     | Killed an ogre mage
 12465 | D:12     | Killed a two-headed ogre
 12473 | D:12     | Killed a two-headed ogre
 12947 | Lair:1   | Entered Level 1 of the Lair of Beasts
 12965 | Lair:1   | Reached XP level 13. HP: 105/105 MP: 20/20
 13034 | Lair:1   | Got a fine leather armour
 13100 | Lair:1   | Found a gate leading to a gauntlet.
 13113 | Gauntlet | Entered a Gauntlet
 13113 | Gauntlet | Found a transporter.
 13113 | Gauntlet | Found a transporter.
 13113 | Gauntlet | Found a transporter.
 13113 | Gauntlet | Found a transporter.
 13113 | Gauntlet | Noticed a five-headed hydra
 13113 | Gauntlet | Noticed a death ooze
 13117 | Gauntlet | Found a transporter.
 13127 | Gauntlet | Found a transporter.
 13135 | Gauntlet | Found a transporter.
 13141 | Gauntlet | Found a transporter.
 13149 | Gauntlet | Found a transporter.
 13167 | Gauntlet | Found a transporter.
 13175 | Gauntlet | Found a transporter.
 13192 | Gauntlet | Found a transporter.
 13330 | Gauntlet | Killed a five-headed hydra
 13350 | Gauntlet | Got a pair of scorched gloves
 13601 | Gauntlet | Identified the +10 rapier "Cahinob" {vorpal, rElec rC-
                  | Dex-4 SInv}
 13601 | Gauntlet | Identified the +4 scale mail of Baldness {MR- Int+6}
 13601 | Gauntlet | Noticed a minotaur
 13608 | Gauntlet | Killed a minotaur
 13608 | Gauntlet | Reached skill level 10 in Maces & Flails
 13608 | Gauntlet | Reached skill level 10 in Invocations
 13652 | Lair:1   | Identified the +0 pair of gloves of the Chupacabra {rCorr
                  | Dex+2} (You found it in a Gauntlet)
 13682 | Lair:1   | Identified the +2 leather armour "Hismo" {rN+ Int+3 Dex+2}
                  | (You found it on level 1 of the Lair of Beasts)
 13812 | Lair:1   | Got a fine robe
 14275 | Lair:2   | Identified the +1 robe of Sunlight {Str+6 Dex-2} (You found
                  | it on level 1 of the Lair of Beasts)
 14962 | Lair:2   | Received a gift from Okawaru
 15108 | Lair:2   | Reached ****** piety under Okawaru
 15234 | Lair:2   | Got a masterwork mace
 15695 | D:11     | Identified the +3 mace "Kyimeop" {drain, rC+ MR+} (You
                  | found it on level 2 of the Lair of Beasts)
 16285 | Lair:2   | Reached XP level 14. HP: 111/114 MP: 22/22
 16315 | Lair:2   | Received a gift from Okawaru
 16748 | Lair:3   | Found a staircase to the Shoals.
 16942 | Lair:3   | Found a staircase to the Snake Pit.
 17696 | Lair:4   | Found a runed translucent door.
 17703 | Lair:4   | Noticed Cakiepeg's ghost (journeyman DDGl)
 18012 | Lair:4   | Found an iron altar of Okawaru.
 18840 | Lair:5   | Found a snail-covered altar of Cheibriados.
 19212 | Lair:5   | Received a gift from Okawaru
 19678 | Lair:6   | Entered Level 6 of the Lair of Beasts
 19979 | Lair:6   | Reached XP level 15. HP: 120/122 MP: 24/24
 20327 | Lair:6   | Received a gift from Okawaru
 20454 | Lair:6   | Received a gift from Okawaru
 20610 | Lair:6   | Found a hazy altar of Hepliaklqana.
 20864 | Lair:6   | Got a masterwork chain mail
 20923 | Lair:6   | Found a staircase to the Slime Pits.
 21136 | D:11     | Identified the +6 chain mail of the Evening Star {Harm
                  | Stlth+} (You found it on level 6 of the Lair of Beasts)
 21783 | Orc:1    | Entered Level 1 of the Orcish Mines
 21785 | Orc:1    | Noticed Sonja
 22194 | D:12     | Received a gift from Okawaru
 22199 | D:12     | Got a fine tower shield {god gift}
 22210 | D:12     | Identified the +0 tower shield of Ewisyanu {+Blink SInv}
                  | (Okawaru gifted it to you on level 12 of the Dungeon)
 23112 | D:13     | Found a gate to the Vaults.
 23458 | D:14     | Found a blossoming altar of Fedhas.
 23737 | D:14     | Noticed Jorgrun
 23754 | D:14     | Killed Jorgrun
 23754 | D:14     | Received a gift from Okawaru
 24063 | D:15     | Entered Level 15 of the Dungeon
 24064 | D:15     | Noticed Kirke
 24077 | D:15     | Reached XP level 16. HP: 132/132 MP: 25/25
 24079 | D:15     | Noticed a sphinx
 24102 | D:14     | Killed Kirke
 24181 | D:15     | Found Plog's Weapon Emporium.
 24551 | D:15     | Found a staircase to the Depths.
 24844 | D:15     | Reached skill level 15 in Shields
 25369 | Depths:1 | Entered Level 1 of the Depths
 26171 | Depths:1 | Received a gift from Okawaru
 26172 | Depths:1 | Noticed a fire giant
 26185 | D:15     | Killed a fire giant
 26431 | Depths:1 | Found a gateway to a ziggurat.
 26701 | Depths:1 | Found a gateway to Hell.
 26990 | Depths:1 | Received a gift from Okawaru
 26991 | Depths:1 | Got a pitted ring mail {god gift}
 27086 | Depths:1 | Found Ciut's Antique Weapon Emporium.
 27368 | Depths:1 | Reached XP level 17. HP: 79/140 MP: 21/27
 27982 | Depths:1 | Received a gift from Okawaru
 27983 | Depths:1 | Got a faintly glowing chain mail {god gift}
 28260 | Depths:1 | Found the +12 Vampire's Tooth {vamp}
 28897 | Depths:2 | Found a glowing golden altar of the Shining One.
 29001 | Depths:2 | Reached skill level 1 in Short Blades
 29772 | Depths:2 | Reached skill level 15 in Fighting
 30069 | D:15     | Identified the +0 chain mail of Eferior {Int+7 Dex+3}
                  | (Okawaru gifted it to you on level 1 of the Depths)
 30079 | D:15     | Identified the +1 ring mail "Facwaf" {rF+} (Okawaru gifted
                  | it to you on level 1 of the Depths)
 30272 | Shoals:1 | Entered Level 1 of the Shoals
 30422 | Shoals:1 | Noticed Josephine
 30455 | Shoals:1 | Killed Josephine
 30455 | Shoals:1 | Received a gift from Okawaru
 30455 | Shoals:1 | Reached skill level 15 in Armour
 30773 | Shoals:1 | Reached skill level 15 in Invocations
 31077 | Shoals:1 | Found Xulabb's Assorted Antiques.
 31085 | Shoals:1 | Bought a scroll labeled KEYZIM CASU for 31 gold pieces
 31781 | Shoals:2 | Reached XP level 18. HP: 129/149 MP: 29/29
 32990 | Shoals:2 | Received a gift from Okawaru
 33608 | Shoals:3 | Got an encrusted short sword
 34504 | Shoals:3 | Reached skill level 5 in Short Blades
 34740 | Shoals:4 | Entered Level 4 of the Shoals
 35585 | Shoals:4 | Identified Kikubaaqudgha's Guide on Necromancy
 35686 | Shoals:4 | Received a gift from Okawaru
 36725 | D:15     | Identified the +6 short sword of Nudoop {vamp, rN++ Str-5
                  | Int+2 Dex+2} (You found it on level 3 of the Shoals)
 37483 | Shoals:4 | Reached XP level 19. HP: 132/157 MP: 30/30
 38096 | Shoals:4 | Got a barnacled rune of Zot
 38382 | Lair:4   | Killed Cakiepeg's ghost
 38454 | Snake:1  | Entered Level 1 of the Snake Pit
 39083 | Snake:1  | Received a gift from Okawaru
 40484 | Snake:2  | Found Kadghomp's Book Emporium.
 40705 | Snake:2  | Found a snail-covered altar of Cheibriados.
 40981 | Snake:3  | Noticed Vashnia
 41270 | Snake:3  | Reached skill level 15 in Maces & Flails
 41312 | Snake:3  | Killed Vashnia
 41447 | Snake:3  | Noticed Mara
 41460 | Snake:3  | Noticed sinister's illusion
 41475 | Snake:3  | Killed Mara
 41475 | Snake:3  | Received a gift from Okawaru
 41479 | Snake:3  | Got a smoking scale mail {god gift}
 41911 | Snake:3  | Noticed Aizul
 41929 | Snake:3  | Killed Aizul
 42731 | Snake:4  | Entered Level 4 of the Snake Pit
 42761 | Snake:4  | Noticed Agnes
 42816 | Snake:3  | Killed Agnes
 42862 | Snake:3  | Reached XP level 20. HP: 117/166 MP: 16/31
 43406 | Snake:3  | Received a gift from Okawaru
 44803 | Snake:4  | Found Axipsaoc's Gadget Emporium.
 44803 | Snake:4  | Found Giuneut's Jewellery Boutique.
 44804 | Snake:4  | Found Besoif's Gadget Emporium.
 45283 | Snake:4  | Received a gift from Okawaru
 45423 | Snake:4  | Got a serpentine rune of Zot
 45760 | D:15     | Identified the +5 scale mail of a Billion Heavens {Str+3}
                  | (Okawaru gifted it to you on level 3 of the Snake Pit)
 45874 | Vaults:1 | Entered Level 1 of the Vaults
 46728 | Vaults:1 | Reached XP level 21. HP: 137/175 MP: 32/32
 46892 | Vaults:1 | Found Keety's Armour Shoppe.
 47041 | Vaults:1 | Found a large runed translucent door.
 47041 | Vaults:1 | Found a large runed translucent door.
 47041 | Vaults:1 | Noticed Seel's ghost (adept TrTm)
 47041 | Vaults:1 | Noticed Norharag's ghost (adept HuBe)
 47395 | Vaults:1 | Received a gift from Okawaru
 47399 | Vaults:1 | Got a masterwork plate armour {god gift}
 48970 | Vaults:2 | Found a radiant altar of Vehumet.
 49000 | Vaults:2 | Noticed Frederick
 49025 | Vaults:2 | Killed Frederick
 49025 | Vaults:2 | Received a gift from Okawaru
 49046 | Vaults:2 | Got a buzzing plate armour {god gift}
 49117 | Vaults:2 | Found Sythethre's Antique Armour Shoppe.
 49602 | Vaults:2 | Identified the +0 plate armour of the Hall of Blades
                  | {Rampage rPois Int-2 Dex+3} (Okawaru gifted it to you on
                  | level 1 of the Vaults)
 49612 | Vaults:2 | Identified the +5 plate armour of the Gloaming {Str+5}
                  | (Okawaru gifted it to you on level 2 of the Vaults)
 50036 | Vaults:3 | Found a staircase to the Crypt.
 50036 | Vaults:3 | Found an ancient bone altar of Kikubaaqudgha.
 50037 | Vaults:3 | Found a basalt altar of Yredelemnul.
 50112 | Vaults:3 | Reached XP level 22. HP: 169/184 MP: 33/33
 51285 | Vaults:4 | Received a gift from Okawaru
 52065 | Vaults:4 | Received a gift from Okawaru
 52066 | Vaults:4 | Got an iridescent demon whip {god gift}
 52495 | Vaults:4 | Noticed Sojobo
 52541 | Vaults:4 | Killed Sojobo
 52541 | Vaults:4 | Received a gift from Okawaru
 52822 | Vaults:4 | Noticed Margery
 52833 | Vaults:4 | Killed Margery
 52838 | Vaults:4 | Reached XP level 23. HP: 153/194 MP: 27/34
 53212 | Vaults:4 | Received a gift from Okawaru
 53798 | D:15     | Identified the +2 demon whip of Jeyfrouc {flame, rPois rC-
                  | Dex+2} (Okawaru gifted it to you on level 4 of the Vaults)
 53958 | Orc:1    | Killed Sonja
 54427 | Orc:1    | Found a roughly hewn altar of Beogh.
 54501 | Orc:1    | Noticed Erolcha
 54524 | Orc:1    | Killed Erolcha
 54727 | Orc:2    | Entered Level 2 of the Orcish Mines
 54816 | Orc:2    | Found a frozen archway.
 54868 | IceCv    | Entered an ice cave
 55074 | IceCv    | Found an ancient bone altar of Kikubaaqudgha.
 55454 | Orc:1    | Found Zukhoit's Weapon Boutique.
 55974 | Orc:2    | Found a roughly hewn altar of Beogh.
 56120 | Orc:2    | Found a staircase to the Elven Halls.
 56125 | Orc:2    | Noticed Nessos
 56139 | Orc:2    | Killed Nessos
 56257 | Orc:2    | Found Dijam's Distillery.
 56258 | Orc:2    | Found Dechesir's Antique Armour Emporium.
 56522 | Orc:2    | Found Pienucvu's Antique Weapon Shop.
 56531 | Orc:2    | Found Itetz's Distillery.
 56648 | Elf:1    | Entered Level 1 of the Elven Halls
 57224 | Elf:1    | Received a gift from Okawaru
 57667 | Elf:1    | Found a runed translucent gate.
 57667 | Elf:1    | Found a runed translucent gate.
 57667 | Elf:1    | Found a runed translucent gate.
 57667 | Elf:1    | Found a runed translucent gate.
 57667 | Elf:1    | Found a runed translucent gate.
 57668 | Elf:1    | Found a runed translucent gate.
 58381 | Elf:2    | Received a gift from Okawaru
 58542 | Elf:2    | Found Luypicw's Magic Scroll Shoppe.
 58550 | Elf:2    | Bought a scroll of acquirement for 936 gold pieces
 58905 | Elf:2    | Found a huge runed translucent gate.
 58905 | Elf:2    | Found a huge runed translucent gate.
 58905 | Elf:2    | Found a huge runed translucent gate.
 58906 | Elf:2    | Found a huge runed translucent gate.
 58908 | Elf:2    | Found a huge runed translucent gate.
 58936 | Elf:2    | Reached XP level 24. HP: 203/203 MP: 34/34
 59483 | Elf:3    | Entered Level 3 of the Elven Halls
 59495 | Elf:3    | Found Wiomigeu's Armour Boutique.
 59500 | Elf:3    | Found Teuc's Magic Scroll Boutique.
 59693 | Elf:3    | Received a gift from Okawaru
 60026 | D:15     | Acquired a manual of Polearms
 60316 | Elf:3    | Got a polished ring mail {god gift}
 60583 | Elf:3    | Reached skill level 1 in Polearms
 60808 | Elf:3    | Identified the +5 flail of Icaeshra {vorpal, *Noise +Blink
                  | rPois Str+2}
 60808 | Elf:3    | Identified the ring of Mathriet {*Drain rPois rC+ rN+
                  | Dex+2}
 61105 | Elf:2    | Got a faintly humming leather armour
 61123 | Elf:3    | Identified the +2 war axe "Olepod" {speed, Dex+4 SInv
                  | Stlth+}
 61337 | Elf:3    | Identified the +8 flail of Ravage {freeze, *Noise *Corrode
                  | rC++ rN+}
 61773 | Elf:3    | Reached skill level 5 in Polearms
 61915 | Elf:3    | Received a gift from Okawaru
 61991 | Elf:3    | Got an encrusted scale mail
 61994 | Elf:3    | Identified the Reference Book on Destructive Black Rituals
 62002 | Elf:3    | Identified the Incunabulum of Dislocated Intoxication
 62005 | Elf:3    | Identified the Compendium of Creative Toxins
 62320 | D:15     | Identified the cursed +0 scale mail of Tomorrow {rPois
                  | Regen+ Str+4 Slay-4} (You found it on level 3 of the Elven
                  | Halls)
 62321 | D:15     | Identified the +1 leather armour of the Moon {*Contam rPois
                  | rN+ MP+9} (You found it on level 2 of the Elven Halls)
 62322 | D:15     | Identified the +7 ring mail of Compassion {Harm Stlth+}
                  | (Okawaru gifted it to you on level 3 of the Elven Halls)
 63515 | Vaults:5 | Entered Level 5 of the Vaults
 64476 | Vaults:4 | Reached XP level 25. HP: 101/212 MP: 34/34
 65214 | Vaults:5 | Received a gift from Okawaru
 65476 | Vaults:5 | Got a slimy leather armour
 65834 | Vaults:5 | Reached skill level 10 in Polearms
 66872 | Vaults:4 | Cast into level 2 of the Abyss (deep elf sorcerer)
 67368 | Abyss:2  | Received a gift from Okawaru
 67369 | Abyss:2  | Got a pair of brightly glowing boots {god gift}
 67596 | Vaults:4 | Escaped the Abyss
 68641 | Vaults:4 | Reached XP level 26. HP: 125/220 MP: 34/34
 69132 | Vaults:5 | Got a silver rune of Zot
 69460 | Vaults:5 | Identified the +1 ring mail of Piddatanur {MR+ Str+5}
 69615 | Vaults:5 | Found the +7 Spriggan's Knife {stab, EV+4 Stlth+}
 69817 | Vaults:5 | Received a gift from Okawaru
 70041 | D:15     | Identified the +1 leather armour of Yqidghef {rElec rF-
                  | MP+9 SInv} (You found it on level 5 of the Vaults)
 70051 | D:15     | Identified the -5 pair of boots of the Volcano {-Tele rN+
                  | Int-4 Dex+10} (Okawaru gifted it to you on level 2 of the
                  | Abyss)
 70524 | Vaults:5 | Got a pitted plate armour
 70526 | Vaults:5 | Got a heavily jewelled robe
 70904 | Vaults:1 | Killed Norharag's ghost
 70932 | Vaults:1 | Killed Seel's ghost
 71396 | D:15     | Identified the +1 robe "Dunyxaf" {*Drain +Inv rF+ Str+6}
                  | (You found it on level 5 of the Vaults)
 71396 | D:15     | Identified the cursed +0 plate armour of the Untouchables
                  | {Rampage MP+9} (You found it on level 5 of the Vaults)
 71473 | Depths:2 | Found a transporter.
 71476 | Depths:2 | Found a corrupted altar of Lugonu.
 71599 | Depths:2 | Found a transporter.
 73153 | Depths:3 | Found a one-way gate leading to the halls of Pandemonium.
 73181 | Depths:3 | Received a gift from Okawaru
 74531 | Depths:3 | Received a gift from Okawaru
 74532 | Depths:3 | Got a pair of encrusted boots {god gift}
 74731 | Depths:3 | Identified the cursed +0 tower shield of the Hot Ocelot
                  | {rElec}
 74731 | Depths:3 | Noticed Mennas
 74760 | Depths:3 | Killed Mennas
 74859 | Depths:3 | Found a glowing silver altar of Zin.
 75199 | Depths:4 | Found a magical portal.
 75214 | WizLab   | Entered Iskenderun's Mystic Tower
 75243 | WizLab   | Reached XP level 27. HP: 230/230 MP: 34/34
 76378 | WizLab   | Reached skill level 1 in Slings
 77506 | WizLab   | Identified Iskenderun's Papyrus of Conjuration
 77506 | WizLab   | Identified Iskenderun's Handbook of Attacks
 77521 | WizLab   | Got an opal-encrusted plate armour
 77532 | WizLab   | Reached skill level 5 in Slings
 77533 | WizLab   | Identified the Catalogue of Dark Rites and Confrontation
 77533 | WizLab   | Identified the Guide on the Dusty Volcanoes
 77684 | Depths:4 | Received a gift from Okawaru
 77944 | Depths:4 | Got a warped jade ring
 78171 | Depths:4 | Found a snail-covered altar of Cheibriados.
 78188 | Depths:4 | Found a one-way gate to the infinite horrors of the Abyss.
 78447 | Depths:4 | Received a gift from Okawaru
 79105 | D:15     | Identified the +1 pair of boots "Moeptemo" {rElec SInv}
                  | (Okawaru gifted it to you on level 3 of the Depths)
 79115 | D:15     | Identified the +8 plate armour of the Cricket {rCorr Str+4}
                  | (You found it in a wizard's laboratory)
 79161 | D:15     | Identified the ring "Ebloin" {rCorr SInv Stlth+} (You found
                  | it on level 4 of the Depths)
 79372 | Depths:5 | Entered Level 5 of the Depths
 80123 | Depths:5 | Received a gift from Okawaru
 80151 | Depths:5 | Got a smoking tower shield {god gift}
 80277 | Depths:5 | Found a gate to the Realm of Zot.
 81036 | Depths:5 | Identified the +3 tower shield of the Gloaming {*Slow Str+4
                  | Stlth+} (Okawaru gifted it to you on level 5 of the Depths)
 81048 | Zot:1    | Entered Level 1 of the Realm of Zot
 81283 | Zot:1    | Got a steaming glass ring
 81297 | Zot:1    | Identified the ring of Naiph {MR+ Int+6} (You found it on
                  | level 1 of the Realm of Zot)
 82177 | Zot:1    | Received a gift from Okawaru
 83761 | Zot:1    | Received a gift from Okawaru
 84135 | Zot:2    | Received a gift from Okawaru
 85500 | Zot:2    | You are sucked into a shaft and drop 1 floor!
 86331 | Zot:3    | Received a gift from Okawaru
 86332 | Zot:3    | Got a shimmering chain mail {god gift}
 87964 | Zot:4    | Noticed a Killer Klown
 88636 | Zot:4    | Noticed a Killer Klown
 88677 | Zot:3    | Killed a Killer Klown
 88677 | Zot:3    | Received a gift from Okawaru
 89065 | Zot:4    | Killed a Killer Klown
 89381 | Zot:4    | Cast into level 3 of the Abyss (white draconian)
 89384 | Abyss:3  | Found a corrupted altar of Lugonu.
 89390 | Zot:4    | Escaped the Abyss
 89584 | Zot:4    | Received a gift from Okawaru
 89585 | Zot:4    | Found the +3 sling "Punk" {acid, rCorr}
 90494 | Zot:5    | Entered Level 5 of the Realm of Zot
 90739 | Zot:4    | Received a gift from Okawaru
 90871 | Zot:5    | Noticed an orb of fire
 90895 | Zot:5    | Gained mutation: Your magical capacity is low. (-10% MP)
                  | [an orb of fire]
 90897 | Zot:5    | Gained mutation: Scrolls take you a little longer to read.
                  | [an orb of fire]
 90904 | Zot:5    | Killed an orb of fire
 90904 | Zot:5    | Received a gift from Okawaru
 90905 | Zot:5    | Got a glimmering hunting sling {god gift}
 90909 | Zot:5    | Noticed a Killer Klown
 91551 | D:15     | Identified the +3 hunting sling of Irrepressible Laughter
                  | {vorpal, rC+ MR++} (Okawaru gifted it to you on level 5 of
                  | the Realm of Zot)
 91574 | D:15     | Identified the +8 chain mail "Xaegogh" {Stlth+} (Okawaru
                  | gifted it to you on level 3 of the Realm of Zot)
 91637 | D:15     | Acquired the amulet of Nihilism {Regen+ Str+4}
 91927 | Zot:4    | Killed a Killer Klown
 92537 | Zot:5    | Noticed an ancient lich
 92565 | Zot:5    | Received a gift from Okawaru
 92593 | Zot:5    | Killed an ancient lich
 93042 | Zot:5    | Noticed a Killer Klown
 93061 | Zot:5    | Killed a Killer Klown
 93099 | Zot:5    | Noticed an ancient lich
 93355 | Zot:5    | Received a gift from Okawaru
 93436 | Zot:5    | Noticed an ancient lich
 93458 | Zot:5    | Killed an ancient lich
 93811 | Zot:5    | Noticed an ancient lich
 93812 | Zot:5    | Noticed an orb of fire
 93862 | Zot:5    | Gained mutation: Potions are less effective at restoring
                  | your health. [an orb of fire]
 93885 | Zot:4    | Killed an orb of fire
 93885 | Zot:4    | Received a gift from Okawaru
 93886 | Zot:4    | Got a pair of masterwork gloves {god gift}
 93897 | Zot:4    | Identified the +0 pair of gloves of Limited Liability {rF++
                  | rN+++ Int-3 Slay-6} (Okawaru gifted it to you on level 4 of
                  | the Realm of Zot)
 94185 | Zot:5    | Killed an ancient lich
 94312 | Zot:5    | Noticed an ancient lich
 94328 | Zot:5    | Killed an ancient lich
 94368 | Zot:5    | Noticed an ancient lich
 94374 | Zot:5    | Noticed an ancient lich
 94383 | Zot:5    | Killed an ancient lich
 94391 | Zot:5    | Noticed an orb of fire
 94409 | Zot:5    | Killed an ancient lich
 94541 | Zot:5    | Reached skill level 1 in Dodging
 94810 | D:15     | Lost mutation: Scrolls take you a little longer to read.
                  | [potion of mutation]
 94810 | D:15     | Lost mutation: Your magical capacity is low. (-10% MP)
                  | [potion of mutation]
 94810 | D:15     | Lost mutation: Potions are less effective at restoring your
                  | health. [potion of mutation]
 94810 | D:15     | Gained mutation: Your spells are a little easier to cast,
                  | but a little less powerful. [potion of mutation]
 94810 | D:15     | Gained mutation: You passively map a small area around you.
                  | [potion of mutation]
 94823 | D:15     | Acquired the ring "Niuza" {rPois rN+++ rCorr Str-3 Int-3}
 95140 | Zot:5    | Gained mutation: Your magical capacity is low. (-10% MP)
                  | [an orb of fire]
 95165 | Zot:5    | Killed an orb of fire
 95179 | Zot:5    | Noticed a Killer Klown
 95461 | Zot:5    | Killed a Killer Klown
 95610 | Zot:5    | Noticed an ancient lich
 95627 | Zot:5    | Killed an ancient lich
 96253 | Slime:1  | Entered Level 1 of the Pits of Slime
 96255 | Slime:1  | Gained mutation: You are dopey. (Int -2) [a shining eye]
 96256 | Slime:1  | Gained mutation: Your spells are easier to cast, but less
                  | powerful. [a shining eye]
 96266 | Slime:1  | Gained mutation: Your body sometimes deteriorates upon
                  | taking damage. [a shining eye]
 96940 | Slime:1  | Gained mutation: You occasionally shout uncontrollably at
                  | your foes. [a shining eye]
 97386 | Slime:2  | Noticed Dissolution
 97388 | Slime:2  | Gained mutation: Potions are less effective at restoring
                  | your health. [a shining eye]
 97400 | Slime:1  | Killed Dissolution
 97400 | Slime:1  | Received a gift from Okawaru
 97400 | Slime:1  | Received a gift from Okawaru
 98474 | Slime:3  | Gained mutation: You do not regenerate when monsters are
                  | visible. [a shining eye]
 98475 | Slime:3  | Gained mutation: You are frail. (-10% HP) [a shining eye]
 98478 | Slime:3  | Gained mutation: You are weak. (Str -2) [a shining eye]
 99603 | Slime:5  | Entered Level 5 of the Pits of Slime
 99629 | Slime:5  | Received a gift from Okawaru
 99830 | Slime:5  | Received a gift from Okawaru
 99839 | Slime:5  | Got an ichor-stained trident {god gift}
100031 | Slime:5  | Gained mutation: You sometimes yell uncontrollably at your
                  | foes. [a shining eye]
100037 | Slime:5  | Gained mutation: You are clumsy. (Dex -2) [a shining eye]
100140 | Slime:5  | Gained mutation: You are very clumsy. (Dex -4) [a shining
                  | eye]
100448 | Slime:5  | Noticed the Royal Jelly
101842 | D:15     | Lost mutation: You are weak. (Str -2) [potion of mutation]
101842 | D:15     | Lost mutation: You are very clumsy. (Dex -4) [potion of
                  | mutation]
101842 | D:15     | Lost mutation: Potions are less effective at restoring your
                  | health. [potion of mutation]
101842 | D:15     | Gained mutation: You evolve. [potion of mutation]
101843 | D:15     | Lost mutation: You are frail. (-10% HP) [potion of
                  | mutation]
101843 | D:15     | Lost mutation: You do not regenerate when monsters are
                  | visible. [potion of mutation]
101843 | D:15     | Gained mutation: You are robust. (+10% HP) [potion of
                  | mutation]
101844 | D:15     | Lost mutation: You passively map a small area around you.
                  | [potion of mutation]
101844 | D:15     | Lost mutation: You are clumsy. (Dex -2) [potion of
                  | mutation]
101844 | D:15     | Lost mutation: You sometimes yell uncontrollably at your
                  | foes. [potion of mutation]
101844 | D:15     | Gained mutation: You have large cloven feet. [potion of
                  | mutation]
101845 | D:15     | Lost mutation: You evolve. [potion of mutation]
101845 | D:15     | Lost mutation: You occasionally shout uncontrollably at
                  | your foes. [potion of mutation]
101845 | D:15     | Lost mutation: You are robust. (+10% HP) [potion of
                  | mutation]
101845 | D:15     | Gained mutation: You are partially covered in yellow
                  | scales. (AC +2) [potion of mutation]
101845 | D:15     | Gained mutation: Potions are less effective at restoring
                  | your health. [potion of mutation]
101845 | D:15     | Gained mutation: You are surrounded by a mild repulsion
                  | field. (EV +2) [potion of mutation]
101846 | D:15     | Lost mutation: Your magical capacity is low. (-10% MP)
                  | [potion of mutation]
101846 | D:15     | Lost mutation: You have large cloven feet. [potion of
                  | mutation]
101846 | D:15     | Lost mutation: Your spells are easier to cast, but less
                  | powerful. [potion of mutation]
101846 | D:15     | Gained mutation: You are partially covered in thin metallic
                  | scales. (AC +2) [potion of mutation]
102239 | Slime:5  | Killed the Royal Jelly
102239 | Slime:5  | Received a gift from Okawaru
102988 | Slime:4  | HP: 11/245 [acid blob[the Royal Jelly] (23)]
102989 | Slime:4  | Slain by an azure jelly

Illustrated notes

Levels and vault maps discovered:
D:1:      elethiomel_arrival_quiet, layout_basic, minmay_crystal_water
D:2:      layout_basic, chequers_ecumenical_altar_simple, serial_forest,
          infiniplex_forest_zigzag_1, infiniplex_forest_diagonal,
          infiniplex_forest_end_3, infiniplex_forest_diagonal,
          infiniplex_forest_lined_corner, infiniplex_forest_clump_small,
          infiniplex_forest_end_2, infiniplex_forest_straight_3,
          infiniplex_forest_pool, uniq_sigmund
D:3:      layout_rooms, uniq_robin
D:4:      layout_basic, portal_sewer_entry_a, st_stairs_6, uniq_pikel
D:5:      layout_loops_ring, evilmike_ruin_ashenzari, minitemple,
          grunt_gozag_statues
D:6:      layout_layer_cave, lemuel_crystal_altar,
          minmay_temple_entry_statues_fountains, serial_shops, shop,
          enter_ossuary_1
D:7:      layout_loops_ring, lemuel_crystal_altar, uniq_joseph,
          uniq_crazy_yiuf_cottage
D:8:      layout_loops_ring, special_room [special_room_orc], minmay_liquid_box,
          minmay_tree_intersection, minmay_the_grid_2x2
          [minmay_the_grid_pillar_ring, minmay_the_grid_box_x,
          minmay_the_grid_armoury, minmay_the_grid_prize_shrinking_boxes],
          uniq_maurice
D:9:      layout_loops_ring, david_lair_generic, david_orc_2,
          gammafunk_ghost_stat_death, kennysheep_generic_room_12
D:10:     layout_loops_cross
D:11:     layout_cave_pools, serial_shops, nicolae_shop_crystal,
          nicolae_ru_awakened_eye
D:12:     layout_rooms
D:13:     layout_cross, hangedman_vaults_entry_quadrant_bands,
          minmay_misc_feat_rows
D:14:     layout_loops_ring, serial_bayou_pond_a, fedhas_bush_and_centaur_altar,
          uniq_jorgrun
D:15:     gammafunk_enter_depths_forms, layout_basic, minivault_25,
          serial_shops, shop, nicolae_sextant, uniq_kirke
Temple:   regret_index_temple_waves
Lair:1:   layout_cave_pods, gauntlet_entry_generic
Lair:2:   regret_index_wax_grids, layout_regular_city,
          small_statue_intersection, grunt_megastairs_2
Lair:3:   layout_loops_ring, shoals_dummy_entry,
          minmay_snake_entry_guardpost_small, minivault_29
Lair:4:   cheibrodos_magma_flow, layout_cave_pods,
          hellmonk_ghost_happy_afterlife, basic_altar, lemuel_fruit_tree
Lair:5:   wad_woods_minihive, layout_big_grid, basic_altar
Lair:6:   gammafunk_lair_ancient_temple, layout_gridlike, slime_dummy,
          basic_altar
Shoals:1: layout_shoals, serial_shops, nicolae_shop_trees, uniq_josephine
Shoals:2: layout_shoals, nicolae_shoals_flooded_hall
Shoals:3: layout_shoals
Shoals:4: shoals_end_grunt_ice, layout_shoals
Snake:1:  layout_grid_maze
Snake:2:  layout_grid_shapes, basic_altar, serial_shops, shop,
          nicolae_snake_salamander_stairs
Snake:3:  layout_chambers, uniq_vashnia, uniq_aizul, uniq_mara
Snake:4:  johnstein_snake_rune_scales, layout_rooms, minmay_shop_grove,
          uniq_agnes
Slime:1:  layout_caves
Slime:2:  layout_caves, dissolution_awaits
Slime:3:  cheibrodos_slime_lost_civilization_10, layout_caves,
          nicolae_slime_ancient_tower_intersection
Slime:4:  layout_caves
Slime:5
Orc:1:    layout_caves, serial_shops, shop, special_room [special_room_orc],
          uniq_sonja, uniq_erolcha
Orc:2:    st_orc_open, layout_caves, portal_ice_cave_entry_imps, basic_altar,
          uniq_nessos
Elf:1:    eino_elf_arrival_the_gate, layout_geoelf_diagonals, orc_legates,
          due_unseen_surprise
Elf:2:    layout_geoelf_diagonals, serial_shops, nicolae_shop_trees
Elf:3:    elf_hall, layout_gridlike, minmay_shop_star
Vaults:1: advil_vaults_ghost_guards, v_alt_pattern_3, v_misc_19,
          v_alt_pattern_6, vaults_dpeg_cross, dpeg_vaults_monster_box,
          layout_vaults_quadrants
Vaults:2: ontoclasm_vaults_loading_screen, vaults_room_pool,
          ontoclasm_vaults_bender, nicolae_vaults_puzzle_piece, v_misc_22,
          vaults_room_stairs_pillars, v_rooms_5,
          nicolae_vaults_ring_of_whatevers, grunt_vaults_hallway_long,
          vaults_mumra_chevron, vaults_mumra_lcd, ontoclasm_vaults_hangar,
          hangedman_vaults_stagger, st_cross, nicolae_vaults_rhombus_5,
          v_misc_10, v_misc_26, layout_vaults_omnibox, serial_shops, shop,
          basic_altar, uniq_frederick
Vaults:3: vaults_standard_mumra_x, minmay_crypt_entry_necro_gods,
          hangedman_vaults_hard_town_square, v_misc_31, ontoclasm_vaults_fault,
          hangedman_vaults_trim, layout_vaults_chaotic_city
Vaults:4: vaults_room_door_hall, nicolae_vaults_stairing_the_circle,
          v_pattern_3, ontoclasm_vaults_claustrophobia, ontoclasm_vaults_tryst,
          ontoclasm_vaults_decontamination, nicolae_vaults_little_squares_3,
          hangedman_vaults_maws, ontoclasm_vaults_misaligned,
          hangedman_vaults_river_flow, nicolae_vaults_little_squares_4,
          hangedman_vaults_slice, ontoclasm_vaults_shuriken, vaults_dpeg_hooks,
          grunt_vaults_hallway_long, layout_vaults_ring, uniq_margery,
          uniq_sojobo
Vaults:5
Depths:1: layout_honeycomb, enter_ziggurat_b, hell_entry, bh_walls_and_bars,
          serial_shops, shop_coins, minmay_guarded_unrand_vampires_tooth
Depths:2: gammafunk_corrupted_shrine, layout_basic,
          pf_vacation_house_of_asmodeus, tso_metal_star, minivault_11,
          grunt_tough_drop, minmay_staircase_bubble
Depths:3: evilmike_silver_temple, layout_basic, rand_demon_pan_entry_5,
          hell_entry, chequers_serial_rivers_large_b
Depths:4: dpeg_oklob_gauntlet, layout_gridlike, abyss_entry_crystal, hell_entry,
          cheibriados_altar_1, mu_enter_wizlab_1, kennysheep_random_hallway
Depths:5: evilmike_zot_entry_argh, layout_basic, hellmouth_1, pan_entry,
          minmay_misc_feat_more_columns, abyss_entry_small_statue_room
Zot:1:    layout_basic, grunt_ministairs_2
Zot:2:    layout_onion, st_stairs_3, zot_minivault_3
Zot:3:    layout_twisted_circle
Zot:4:    grunt_zot_stairs_faceoff, layout_basic
Zot:5:    layout_twisted_circle

Skill      XL: |  1  2  3  4  5  6  7  8  9 10 11 12 13 14 15 16 17 18 19 20 21 22 23 24 25 26 27 |
---------------+----------------------------------------------------------------------------------+-----
Shields        | 4 5 6 7 8 9 10 11 12 13 14 15 16 17 18 19 20 21 22 23 26 | 26.4
Fighting       | 4 5 6 7 9 10 11 12 13 14 15 16 17 18 19 20 21 26 | 26.6
Maces & Flails | 3 4 5 6 7 8 9 10 11 12 13 14 15 16 17 18 19 20 22 | 22.9
Armour         | 4 5 6 7 8 9 10 11 12 13 14 15 16 17 18 19 20 21 24 | 24.6
Invocations    | 3 6 8 9 11 12 13 14 15 | 15.0
Short Blades   | 3 6 8 |  8.0
Polearms       | 7 12 | 12.5
Slings         | 5 |  5.3
Dodging        | 4 |  4.1

Action                   |  1- 3 |  4- 6 |  7- 9 | 10-12 | 13-15 | 16-18 | 19-21 | 22-24 | 25-27 || total
-------------------------+-------+-------+-------+-------+-------+-------+-------+-------+-------++-------
Melee: Flail             |   139 |    25 |       |       |       |       |       |       |       ||   164
       Whip              |       |   164 |   144 |       |       |       |       |       |       ||   308
       Morningstar       |       |       |   364 |   270 |       |       |       |       |       ||   634
       Eveningstar       |       |       |       |   212 |       |       |       |       |       ||   212
       Dire flail        |       |       |       |   138 |  1357 |  1474 |  1470 |  2041 |  3832 || 10312
       Quick blade       |       |       |       |       |       |       |   180 |       |    42 ||   222
       Unarmed           |       |       |       |       |       |       |       |       |    13 ||    13
 Fire: Fustibalus        |       |       |       |       |    10 |     6 |    11 |       |   228 ||   255
Throw: Dart              |       |       |       |     4 |       |       |       |     3 |     7 ||    14
       Javelin           |       |       |       |       |       |       |       |       |     2 ||     2
Invok: Heroism           |       |       |     1 |     4 |     6 |     6 |     6 |     3 |    29 ||    55
       Finesse           |       |       |       |       |     2 |     3 |     3 |     2 |    16 ||    26
 Abil: Dig               |     1 |       |       |       |     5 |       |     2 |     5 |    14 ||    27
  Use: Potion            |       |     2 |     4 |       |       |     3 |       |       |    18 ||    27
       Scroll            |       |       |     5 |    13 |    10 |     4 |     1 |     5 |    10 ||    48
 Stab: Distracted        |       |       |       |       |       |       |     1 |       |     1 ||     2
Armor: Scale mail        |    74 |    72 |   202 |   166 |       |       |       |       |       ||   514
       Plate armour      |       |       |       |    37 |   597 |   568 |   433 |   488 |  1076 ||  3199
Dodge: Dodged            |    44 |    70 |   161 |   176 |   303 |   217 |   215 |   261 |   535 ||  1982
Block: Kite shield       |    71 |   124 |   311 |   318 |   820 |   759 |   618 |       |       ||  3021
       Tower shield      |       |       |       |       |       |       |   547 |  1904 |  3194 ||  5645
       Reflection        |       |       |       |       |       |       |    42 |   114 |   124 ||   280

Table legend: (Time is in decaauts)
 A = Elapsed time spent in this place.
 B = Non-inter-level travel time spent in this place.
 C = Inter-level travel time spent in this place.
 D = Time resting spent in this place.
 E = Time spent auto-exploring this place.
 F = Levels seen in this place.
 G = Mean time per level.
                   A        B        C        D        E       F      G
               +--------+--------+--------+--------+--------+-----+--------+
         Total |  99637 |  90831 |   8806 |  11425 |  56137 |  62 | 1607.0 |
       Dungeon |  20009 |  16728 |   3281 |    451 |  11688 |  15 | 1333.9 |
        Temple |    122 |     92 |     30 |      0 |     78 |   1 |  122.0 |
          Lair |   8954 |   7530 |   1424 |    400 |   5135 |   6 | 1492.3 |
        Shoals |   7590 |   7186 |    404 |   1278 |   4253 |   4 | 1897.5 |
     Snake Pit |   6684 |   6424 |    260 |    640 |   4247 |   4 | 1671.0 |
    Slime Pits |   5745 |   5590 |    155 |   2272 |   2213 |   5 | 1149.0 |
  Orcish Mines |   1847 |   1712 |    135 |      0 |   1271 |   2 |  923.5 |
   Elven Halls |   5337 |   4796 |    541 |    558 |   3003 |   3 | 1779.0 |
        Vaults |  13988 |  13135 |    853 |   1567 |   8721 |   5 | 2797.6 |
        Depths |  11265 |  10249 |   1016 |    535 |   7447 |   5 | 2253.0 |
           Zot |  13299 |  12596 |    703 |   2969 |   6198 |   5 | 2659.8 |
         Abyss |    671 |    671 |      0 |      0 |    175 |   2 |  335.5 |
         Sewer |    361 |    361 |      0 |    147 |    113 |   1 |  361.0 |
       Ossuary |    363 |    363 |      0 |      0 |    150 |   1 |  363.0 |
      Ice Cave |    489 |    489 |      0 |      0 |    143 |   1 |  489.0 |
        Wizlab |   2400 |   2400 |      0 |    608 |    998 |   1 | 2400.0 |
      Gauntlet |    506 |    506 |      0 |      0 |    303 |   1 |  506.0 |
               +--------+--------+--------+--------+--------+-----+--------+

Top non-repeatable levels by time:
Vaults:4: 5880 daAuts
   Zot:1: 3073 daAuts
    D:15: 3072 daAuts
Depths:1: 2987 daAuts
   Zot:4: 2923 daAuts
   Zot:5: 2880 daAuts
 Snake:3: 2684 daAuts
   Zot:3: 2492 daAuts
Vaults:1: 2406 daAuts
  WizLab: 2400 daAuts
Depths:2: 2353 daAuts
Shoals:4: 2317 daAuts
Depths:3: 2237 daAuts
     D:8: 2127 daAuts
  Lair:2: 2097 daAuts
